 Dungeon Crawl Stone Soup version 0.15-a0-33-ga435e27 (webtiles) character file.

106863 Psiweapon the Black Belt (level 15, -3/140 HPs)
             Began as a Demonspawn Transmuter on Mar 29, 2014.
             Was a High Priest of Cheibriados.
             Shot with an arrow by a naga sharpshooter (13 damage)
             ... on Level 2 of the Snake Pit on Apr 1, 2014.
             The game lasted 04:23:38 (28785 turns).

Psiweapon the Black Belt (Demonspawn Transmuter)   Turns: 28785, Time: 04:23:39

HP  -3/140       AC 14     Str 25      XL: 15   Next: 90%
MP  29/29        EV 26     Int 31      God: Cheibriados [*****.]
Gold 2791        SH  0     Dex 27      Spells:  8 memorised,  0 levels left

rFire  x . .     SeeInvis .       - Unarmed
rCold  + + +     Clarity  .     o - melded +4 scale mail {MR+}
rNeg   . . .     Conserve .     (shield currently unavailable)
rPois  +         rCorr    .     r - melded +0 helmet
rElec  .         rRot     .     s - melded +2 cloak {+Inv}
SustAb . .       Spirit   .     (gloves unavailable)
rMut   .         Warding  .     l - melded +2 pair of boots
Saprov . . .     Stasis   .     (no amulet)
MR     +....                    M - cursed ring of wizardry
                                j - +5 ring of evasion

@: ice-form, icy armour, about to teleport, lethally poisoned, very slow,
somewhat resistant to hostile enchantments, stealthy
A: (claws 0), (large bone plates 0), clumsy 1, powered by pain 2, weak 1
a: End Transformation, Bend Time, Temporal Distortion, Slouch, Step From Time,
Renounce Religion


You were on level 2 of the Snake Pit.
You worshipped Cheibriados.
Cheibriados was extremely pleased with you.
You were hungry.
You were a creature of crystalline ice.
You visited 6 branches of the dungeon, and saw 30 of its levels.
You visited the Abyss 1 time.
You also visited: Sewer.

You collected 2806 gold pieces.
You spent 15 gold pieces at shops.

Inventory:

Hand weapons
 i - a +3,+4 quarterstaff of protection
 A - a +0 blowgun
 E - the +2,+2 war axe of a Hundred Demons {elec, +Inv +Fly}
   (You found it on level 8 of the Lair of Beasts)

   Occasionally, upon striking a foe, it will discharge some electrical energy
   and cause terrible harm.
   It lets you turn invisible.
   It lets you fly.
 F - a +4,+3 crossbow
Missiles
 n - 4 silver tomahawks (quivered)
 D - 7 curare-tipped needles
 J - 66 bolts
Armour
 l - a +2 pair of boots (melded)
 o - a +4 scale mail of magic resistance (melded)
 r - a +0 helmet (melded)
 s - a +2 cloak of darkness (melded)
Magical devices
 c - a wand of digging (6)
 h - a wand of flame (11)
 p - a wand of paralysis (8)
 P - a wand of draining (1)
 Q - a wand of frost (14)
 S - a wand of fire (2)
 Y - a wand of heal wounds (3)
Comestibles
 a - 7 bread rations
 N - 5 meat rations
 O - 8 cheeses
Scrolls
 d - a scroll of blinking
 e - 2 scrolls of teleportation
 t - 2 scrolls of magic mapping
 v - 6 scrolls of remove curse
 w - 6 scrolls of fear
 y - 2 scrolls of amnesia
 B - a scroll of summoning
 I - a scroll of identify
 U - a scroll of fog
 W - 3 scrolls of vulnerability
 X - a scroll of noise
Jewellery
 b - an uncursed ring of wizardry
 j - a +5 ring of evasion (left paw)
 k - an uncursed ring of protection from cold
 C - a cursed +2 ring of dexterity
 M - a cursed ring of wizardry (right paw)
 T - an uncursed ring of flight
 Z - an uncursed amulet of stasis
Potions
 f - 2 potions of invisibility
 g - 2 potions of might
 m - 2 potions of porridge
 q - a potion of brilliance
 x - 2 potions of flight
 z - 2 potions of resistance
 R - 6 potions of curing
 V - 2 potions of restore abilities
Miscellaneous
 u - a plain deck of war
 G - a plain deck of summonings {the Herd}
 H - a plain deck of changes
 L - a lamp of fire


   Skills:
 - Level 10.9 Fighting
 + Level 6.7 Armour
 - Level 10.0 Dodging
 - Level 1.0 Stealth
 - Level 15.2 Unarmed Combat
 - Level 6.7 Spellcasting
 - Level 8.3 Transmutations
 - Level 4.3 Fire Magic
 - Level 4.5 Ice Magic
 - Level 8.4 Invocations
 + Level 7.0 Evocations


You couldn't memorise any spells.
You knew the following spells:

 Your Spells              Type           Power        Failure   Level  Hunger
a - Beastly Appendage     Trmt           ######       1%          1    None
b - Blade Hands           Trmt           ######....   2%          5    ####...
c - Petrify               Trmt/Erth      #####...     4%          4    ##.....
d - Ozocubu's Armour      Chrm/Ice       ###.......   3%          3    None
e - Condensation Shield   Ice            #####.....   4%          4    ##.....
f - Confusing Touch       Hex            ##........   2%          1    None
g - Ignite Poison         Fire/Trmt      #####.....   4%          5    ####...
h - Ice Form              Ice/Trmt       ######....   1%          4    ##.....


Dungeon Overview and Level Annotations

Branches:
Dungeon (14/15)            Temple (1/1) D:7             Orc (4/4) D:10
    Elf (0/3) Orc:4          Lair (8/8) D:9           Swamp (1/5) Lair:3
  Snake (2/5) Lair:3        Slime (0/6) Lair:8       Vaults (0/5) D:13

Altars:
Ashenzari
Cheibriados
Dithmenos
Elyvilon
Fedhas
Kikubaaqudgha
Makhleb
Nemelex Xobeh
Okawaru
Sif Muna
Trog
Vehumet
Xom
Yredelemnul
Zin
The Shining One

Shops:
D:13 *   Orc:4 ?[*(=

Portals:
Trove: D:13 (give 6 potions of haste)

Annotations:
Lair:3 4 exclusions
Snake:2 Aizul


Innate Abilities, Weirdness & Mutations

((You have claws for hands.))*
((You are partially covered in large bone plates (AC +2, SH +2).))*
You sometimes gain power by taking damage.
You are clumsy. (Dex -2)
You are weak. (Str -2)


Message History

You feel strangely unstable. Aizul casts a spell at you.
The poison arrow hits you!
You are poisoned.
You partially resist.
* * * LOW HITPOINT WARNING * * *
The naga sharpshooter gestures wildly while chanting.
Magically, the naga sharpshooter shoots an arrow.
The arrow hits you! Aizul barely misses you.
Drink which item? (? for menu, Esc to quit)
Okay, then.
Use which ability? (? or * to list)
You fail to use your ability.
You feel sick. Aizul casts a spell at you. The bolt of poison hits you!
You resist.
* * * LOW HITPOINT WARNING * * *
The naga sharpshooter casts a spell.
Magically, the naga sharpshooter shoots an arrow.
The arrow hits you!
You die...

# ## ... .N ....# . #N
.......###########.###
#S #(..((IS...NN...#
#N
#####.#######...#####.
#.# #.# ..........#
#.#### #.####.##...#
#..( #.##... ........
...# #.## #.##..#
#.##.#.# #..####.##
#.##..# #.##.#.#
#......... #.##..#
#.##.#.# ##.####.##
#.##..# ..##.#.# #.#
#.#


You could see Aizul and 2 naga sharpshooters.

Vanquished Creatures
  Rupert (Lair:4)
  Louise (Snake:1)
  A green death (Abyss:1)
  A dire elephant (Lair:8)
  Harold (Lair:3)
  A naga warrior (Snake:1)
  A hydra (Lair:6)
  Erica (Lair:1)
  An anaconda (Snake:1)
  A deep troll shaman (Lair:8)
  The ghost of Deicide the Covert, a powerful SpEn of Dithmenos (D:10)
  The ghost of Econoterrorist the Basher, a powerful GrFi of Okawaru (D:12)
  9 death yaks
  Urug (D:11)
  4 naga sharpshooters
  A thrashing horror (Abyss:1)
  Erolcha (D:9)
  5 skeletal warriors (D:14)
  4 orc high priests
  2 catoblepae
  A large abomination (Abyss:1)
  A deep elf knight (Orc:4)
  A giant orange brain (Abyss:1)
  2 unseen horrors
  A lindwurm (D:13)
  5 hill giants
  A naga ritualist (Snake:1)
  Joseph (D:7)
  3 mana vipers
  A manticore (D:12)
  A salamander (Snake:1)
  4 orc sorcerers (Orc:4)
  5 orc knights
  25 elephants
  A griffon (Lair:3)
  16 black mambas
  A cyclops (D:13)
  A smoke demon (Abyss:1)
  Maurice (Orc:2)
  A black mamba (shapeshifter) (D:13)
  11 spiny frogs
  A sixfirhy (Abyss:1)
  A gargoyle (D:9)
  2 naga magi (Snake:1)
  3 fire drakes
  Grinder (D:6)
  10 komodo dragons
  4 trolls
  A kobold demonologist (D:12)
  A hellwing (D:12)
  Sonja (D:10)
  3 freezing wraiths
  A polar bear (Lair:7)
  32 blink frogs
  Prince Ribbit (D:6)
  3 slime creatures (Swamp:1)
  3 basilisks
  A two-headed ogre (D:13)
  A boulder beetle (Lair:8)
  2 chaos spawn
  A vampire (D:14)
  4 deep elf magi
  47 yaks
  A wyvern (D:8)
  2 elephant slugs
  Eustachio (D:9)
  7 wolves
  4 sharks (Lair:2)
  A wraith (D:12)
  A neqoxec (Abyss:1)
  2 hungry ghosts (D:13)
  3 wargs
  An ogre zombie (D:14)
  A hill giant skeleton (D:12)
  14 hippogriffs
  5 swamp worms (Lair:3)
  Edmund (D:9)
  14 porcupines
  27 water moccasins
  8 nagas
  4 necrophages
  Purgy (Sewer)
  2 phantoms
  4 sky beasts
  2 black bears (Lair:8)
  A giant goldfish (Lair:2)
  2 yellow wasps
  4 centaurs
  33 orc warriors
  2 ice beasts (D:11)
  9 ogres
  A brain worm (Abyss:1)
  8 crocodiles
  20 giant frogs
  15 giant slugs
  16 big kobolds
  Blork the orc (D:8)
  4 scorpions
  3 wights (D:7)
  A cyclops skeleton (D:14)
  4 quasits
  5 electric eels
  9 killer bees
  6 crimson imps
  2 goliath beetles
  2 centaur zombies
  10 hounds
  2 jellies
  Crazy Yiuf (D:3)
  2 giant frog zombies
  A centaur skeleton (D:10)
  5 iguanas
  26 orc priests
  28 orc wizards
  4 big fish
  An elf skeleton (D:7)
  An orange rat (D:10)
  6 worker ants
  27 sheep
  An ogre skeleton (D:6)
  3 mummies
  A worker ant zombie (D:11)
  A gnoll (D:1)
  54 green rats
  A scorpion zombie (D:4)
  33 adders
  3 shadow imps
  10 giant mites
  2 white imps
  9 worms
  10 ufetubi
  A worm (shapeshifter) (D:7)
  An adder skeleton (D:5)
  The ghost of timbw the Slasher, a weakling HuGl (D:4)
  3 giant eyeballs
  4 giant geckos
  2 oozes
  159 orcs
  A bat skeleton (D:6)
  3 giant cockroaches
  11 hobgoblins
  16 jackals
  43 kobolds
  5 ball pythons
  18 bats
  A giant gecko skeleton (D:4)
  10 giant newts
  A giant spore (D:11)
  30 goblins
  A kobold zombie (D:7)
  3 orc skeletons
  16 orc zombies
  19 quokkas
  41 rats
  2 ballistomycetes (D:11)
1135 creatures vanquished.

Vanquished Creatures (collateral kills)
  An orc warrior (Orc:4)
  An orc priest (Orc:4)
  2 orcs (Orc:4)
4 creatures vanquished.

Vanquished Creatures (others)
  A fire elemental (Lair:5)
  A porcupine (Lair:2)
  A giant frog (Lair:2)
  An orc priest (D:7)
  2 orc zombies (Orc:4)
  6 fungi
  5 plants
17 creatures vanquished.

Grand Total: 1156 creatures vanquished

Notes
Turn   | Place    | Note
--------------------------------------------------------------
     0 | D:1      | Psiweapon, the Demonspawn Transmuter, began the quest for the Orb.
     0 | D:1      | Reached XP level 1. HP: 15/15 MP: 3/3
   323 | D:1      | Reached skill level 3 in Unarmed Combat
   323 | D:1      | Gained mutation: You are partially covered in large bone plates (AC +2, SH +2). [demonic ancestry]
   323 | D:1      | Reached XP level 2. HP: 1/21 MP: 2/4
   864 | D:1      | Reached XP level 3. HP: 26/26 MP: 4/6
  1481 | D:2      | Found a burning altar of Makhleb.
  1496 | D:2      | Gained mutation: You have sharp fingernails. [demonic ancestry]
  1496 | D:2      | Reached XP level 4. HP: 7/32 MP: 6/8
  2499 | D:3      | Paralysed by a giant eyeball for 3 turns
  2508 | D:3      | Gained mutation: You have very sharp fingernails. [demonic ancestry]
  2508 | D:3      | Reached XP level 5. HP: 33/37 MP: 9/9
  2675 | D:3      | Noticed Crazy Yiuf
  2684 | D:3      | Killed Crazy Yiuf
  2883 | D:3      | Found a sparkling altar of Nemelex Xobeh.
  3228 | D:4      | Found a glowing drain.
  3263 | Sewer    | Entered a sewer
  3368 | Sewer    | Noticed Purgy
  3376 | Sewer    | Killed Purgy
  3376 | Sewer    | Reached skill level 4 in Unarmed Combat
  3376 | Sewer    | Reached XP level 6. HP: 35/44 MP: 8/11
  3535 | D:4      | Noticed an ogre
  3548 | D:4      | Killed an ogre
  3548 | D:4      | Reached skill level 1 in Stealth
  3584 | D:4      | Noticed timbw's ghost (weakling HuGl)
  3610 | D:4      | Killed timbw's ghost
  3760 | D:4      | Paralysed by a giant eyeball for 2 turns
  4029 | D:4      | Reached skill level 5 in Unarmed Combat
  4029 | D:4      | Reached XP level 7. HP: 50/50 MP: 15/15
  4609 | D:5      | Entered Level 5 of the Dungeon
  4805 | D:5      | Reached skill level 6 in Unarmed Combat
  4984 | D:5      | Reached XP level 8. HP: 19/56 MP: 16/16
  5220 | D:6      | Noticed a hill giant
  5488 | D:5      | Found a glowing golden altar of the Shining One.
  5780 | D:5      | Reached skill level 7 in Unarmed Combat
  6224 | D:6      | Noticed Prince Ribbit
  6224 | D:6      | Noticed Grinder
  6236 | D:6      | Killed Grinder
  6236 | D:6      | Reached skill level 8 in Unarmed Combat
  6241 | D:6      | Killed Prince Ribbit
  6288 | D:6      | Reached skill level 9 in Unarmed Combat
  6537 | D:6      | Learned a level 5 spell: Blade Hands
  6618 | D:6      | Found a radiant altar of Vehumet.
  6618 | D:6      | Found a deep blue altar of Sif Muna.
  6995 | D:7      | Reached XP level 9. HP: 61/61 MP: 18/18
  7232 | D:7      | Reached skill level 10 in Unarmed Combat
  7299 | D:7      | Found a staircase to the Ecumenical Temple.
  7339 | Temple   | Entered the Ecumenical Temple
  7509 | D:7      | Noticed Joseph
  7542 | D:7      | Killed Joseph
  7542 | D:7      | Reached skill level 5 in Transmutations
  8202 | D:7      | Reached XP level 10. HP: 24/67 MP: 19/19
  8410 | D:8      | Found a snail-covered altar of Cheibriados.
  8447 | D:8      | Became a worshipper of Cheibriados the Contemplative
  8450 | D:8      | Was placed under penance by Cheibriados
  8500 | D:8      | Noticed Blork the orc
  8563 | D:8      | Was forgiven by Cheibriados
  8572 | D:8      | Paralysed by a giant eyeball for 2 turns
  8728 | D:8      | Killed Blork the orc
  9517 | D:9      | Noticed Eustachio
  9528 | D:9      | Killed Eustachio
  9528 | D:9      | Reached skill level 5 in Fighting
  9557 | D:9      | Noticed Edmund
  9569 | D:9      | Killed Edmund
  9867 | D:9      | Found a staircase to the Lair.
  9925 | D:9      | Learned a level 4 spell: Petrify
  9929 | D:9      | Learned a level 3 spell: Ozocubu's Armour
  9931 | D:9      | Noticed Erolcha
  9940 | D:9      | Killed Erolcha
 10083 | Lair:1   | Entered Level 1 of the Lair of Beasts
 10218 | Lair:1   | Gained mutation: You sometimes gain a little power by taking damage. [demonic ancestry]
 10218 | Lair:1   | Reached XP level 11. HP: 87/87 MP: 15/20
 10373 | Lair:1   | Noticed Erica
 10380 | Lair:1   | Killed Erica
 10380 | Lair:1   | Reached skill level 10 in Fighting
 10557 | Lair:1   | Acquired Cheibriados' first power
 11335 | Lair:2   | Acquired Cheibriados' second power
 11678 | Lair:3   | Found a staircase to the Snake Pit.
 11688 | Lair:3   | Reached skill level 11 in Unarmed Combat
 11714 | Lair:3   | Noticed Harold
 11732 | Lair:3   | Killed Harold
 12002 | Lair:3   | Acquired Cheibriados' third power
 12075 | Lair:3   | Reached skill level 5 in Spellcasting
 12237 | Lair:3   | Reached skill level 1 in Invocations
 12549 | Lair:3   | Reached XP level 12. HP: 62/99 MP: 12/24
 12641 | Lair:2   | Learned a level 4 spell: Condensation Shield
 12949 | Lair:4   | Noticed Rupert
 12966 | Lair:4   | Killed Rupert
 14066 | Lair:5   | Reached skill level 12 in Unarmed Combat
 14263 | Lair:5   | Reached skill level 5 in Dodging
 14390 | Lair:5   | Identified the Grimoire of Displaced Creation
 14894 | Lair:4   | Upgraded the game from 0.14-a0-3563-g07d0f32 to 0.15-a0-16-g55057a3
 15044 | Lair:6   | Reached XP level 13. HP: 102/105 MP: 9/25
 15079 | Lair:6   | Reached skill level 13 in Unarmed Combat
 15242 | Lair:6   | Learned a level 1 spell: Confusing Touch
 15315 | Lair:6   | Got a steaming quarterstaff
 15389 | Lair:6   | Noticed a seven-headed hydra
 15397 | Lair:6   | Killed a seven-headed hydra
 16411 | Lair:7   | Upgraded the game from 0.15-a0-16-g55057a3 to 0.15-a0-23-gfd8676b
 16830 | Lair:8   | Entered Level 8 of the Lair of Beasts
 16836 | Lair:8   | Found a staircase to the Slime Pits.
 17282 | Lair:8   | Reached skill level 14 in Unarmed Combat
 17743 | Lair:8   | Gained mutation: You sometimes gain power by taking damage. [demonic ancestry]
 17743 | Lair:8   | Reached XP level 14. HP: 111/111 MP: 26/26
 17859 | Lair:8   | Reached skill level 10 in Dodging
 17866 | Lair:8   | Reached skill level 1 in Ice Magic
 17965 | Lair:8   | Noticed a dire elephant
 17990 | Lair:8   | Killed a dire elephant
 18137 | Lair:8   | Got a warped war axe
 18146 | Lair:8   | Identified the cursed +2,+2 war axe of a Hundred Demons {elec, +Inv +Fly} (You found it on level 8 of the Lair of Beasts)
 18469 | Lair:2   | Learned a level 5 spell: Ignite Poison
 18569 | D:10     | Entered Level 10 of the Dungeon
 18581 | D:10     | Noticed Deicide's ghost (powerful SpEn)
 18589 | D:10     | Killed Deicide's ghost
 18589 | D:10     | Reached skill level 1 in Fire Magic
 18950 | D:10     | Noticed Sonja
 18958 | D:10     | Killed Sonja
 19315 | D:10     | Found a staircase to the Orcish Mines.
 19750 | D:11     | Gained mutation: Your magical capacity is low (-10% MP). [potion of mutation]
 19750 | D:11     | Gained mutation: You are frail (-10% HP). [potion of mutation]
 20165 | Lair:2   | Lost mutation: You are frail (-10% HP). [potion of cure mutation]
 20165 | Lair:2   | Lost mutation: Your magical capacity is low (-10% MP). [potion of cure mutation]
 20368 | D:11     | Noticed Urug
 20376 | D:11     | Killed Urug
 20833 | D:12     | Noticed Econoterrorist's ghost (powerful GrFi)
 20839 | D:12     | Killed Econoterrorist's ghost
 21150 | D:12     | Found a basalt altar of Yredelemnul.
 21463 | Orc:1    | Entered Level 1 of the Orcish Mines
 21594 | Orc:2    | Noticed Maurice
 21605 | Orc:2    | Killed Maurice
 21922 | Orc:2    | Reached skill level 1 in Armour
 22570 | Orc:4    | Entered Level 4 of the Orcish Mines
 22570 | Orc:4    | Found Lavvy's Magic Scroll Shop.
 23473 | Orc:4    | Found a staircase to the Elven Halls.
 23616 | Orc:4    | Noticed an orc warlord
 23940 | Orc:4    | Found Uteh's Antique Armour Boutique.
 23969 | Orc:4    | Gained mutation: You have claws for hands. [demonic ancestry]
 23969 | Orc:4    | Reached XP level 15. HP: 111/117 MP: 21/28
 24038 | Orc:4    | Found Cujusem's General Store.
 24039 | Orc:4    | Found Fremucao's Jewellery Shop.
 24040 | Orc:4    | Found Wuitiovu's Antique Weapon Boutique.
 24060 | Orc:4    | Upgraded the game from 0.15-a0-23-gfd8676b to 0.15-a0-33-ga435e27
 24416 | D:10     | Gained mutation: You are clumsy. (Dex -2) [mutagenic meat]
 24417 | D:10     | Gained mutation: You are weak. (Str -2) [mutagenic meat]
 24581 | D:13     | Found a portal to a secret trove of treasure.
 24691 | D:13     | Found a gate to the Vaults.
 25061 | D:13     | Found Pall's General Store.
 25067 | D:13     | Bought a scroll of noise for 15 gold pieces
 25330 | D:14     | Reached skill level 15 in Unarmed Combat
 25593 | Lair:2   | Learned a level 4 spell: Ice Form
 25841 | Lair:5   | Reached skill level 5 in Armour
 26142 | Lair:5   | Reached skill level 1 in Evocations
 26220 | Lair:3   | Found a staircase to the Swamp.
 26306 | Swamp:1  | Entered Level 1 of the Swamp
 26409 | Snake:1  | Entered Level 1 of the Snake Pit
 26416 | Snake:1  | Noticed Louise
 26530 | Snake:1  | Cast into the Abyss (Louise)
 26639 | Abyss:1  | Found a corrupted altar of Lugonu.
 26879 | Snake:1  | Escaped the Abyss
 26886 | Snake:1  | Reached skill level 5 in Evocations
 26891 | Snake:1  | Killed Louise
 28749 | Snake:2  | Noticed Aizul
 28785 | Snake:2  | Shot with an arrow by a naga sharpshooter

Action                   |  1- 3 |  4- 6 |  7- 9 | 10-12 | 13-15 || total
-------------------------+-------+-------+-------+-------+-------++-------
Melee: Unarmed           |   113 |   253 |   154 |   504 |  1316 ||  2340
       Quarterstaff      |       |     8 |   143 |    39 |       ||   190
 Fire: Crossbow          |       |     4 |   175 |   157 |     4 ||   340
Throw: Tomahawk          |       |       |       |       |     8 ||     8
 Cast: Beastly Appendage |    24 |    33 |    29 |    11 |       ||    97
       Blade Hands       |       |       |       |    83 |    87 ||   170
       Ozocubu's Armour  |       |       |       |    15 |    22 ||    37
       Petrify           |       |       |       |     2 |    18 ||    20
       Confusing Touch   |       |       |       |       |     7 ||     7
       Condensation Shie |       |       |       |       |     6 ||     6
       Ignite Poison     |       |       |       |       |    15 ||    15
       Ice Form          |       |       |       |       |     2 ||     2
Invok: Slouch            |       |       |       |     1 |    22 ||    23
       Temporal Distorti |       |       |       |       |     3 ||     3
       Bend Time         |       |       |       |       |     4 ||     4
 Abil: Evoke Invisibilit |       |       |       |     1 |       ||     1
Evoke: Wand              |       |     4 |     6 |       |    13 ||    23
       Lamp of fire      |       |       |       |     1 |     2 ||     3
  Use: Potion            |     1 |       |    10 |     2 |     4 ||    17
       Scroll            |     6 |     2 |     8 |    16 |    18 ||    50
 Stab: Sleeping          |       |     1 |       |     4 |    14 ||    19
       Confused          |       |       |     1 |       |     1 ||     2
       Petrified         |       |       |       |       |     5 ||     5
       Petrifying        |       |       |       |       |     2 ||     2
       Invisible         |       |       |       |       |     1 ||     1
